 Dungeon Crawl Stone Soup version 0.20.1-1-g8b1a95d66d (webtiles) character file.

221 Jynx the Changer (level 5, -3/41 HPs)
             Began as a Merfolk Transmuter on Jan 1, 2018.
             Shot themself with a puff of frost (7 damage)
             ... on level 4 of the Dungeon.
             The game lasted 00:06:23 (3871 turns).

Jynx the Changer (Merfolk Transmuter)               Turns: 3871, Time: 00:06:24

Health: -3/41      AC:  3    Str: 10    XL:     5   Next: 98%
Magic:  6/9        EV: 13    Int: 14    God:
Gold:   188        SH:  4    Dex: 16    Spells: 4/10 levels left

rFire    . . .     SeeInvis .     - Unarmed
rCold    . . .     Gourm    .   (no shield)
rNeg     . . .     Faith    .   b - +0 robe
rPois    .         Spirit   .   (no helmet)
rElec    .         Reflect  .   (no cloak)
rCorr    .         Harm     .   q - +0 pair of gloves
MR       .....                  (no boots)
Stlth    +.........             (no amulet)
Regen    0.2/turn               (no ring)
MPRegen  0.2/turn               (no ring)

@: lethally poisoned (-3 -> -19), appendage (expiring)
A: change form in water, swift swim, stealthy swim, horns 2, large bone plates
1, clever 1
a: End Transformation


You were on level 4 of the Dungeon.
You were not hungry.
You had grown temporary horns.
You visited 1 branch of the dungeon, and saw 4 of its levels.

You collected 188 gold pieces.

Inventory:

Missiles
 a - 28 arrows
Armour
 b - a +0 robe (worn)
 q - a +0 pair of gloves (worn)
Jewellery
 m - an uncursed ring of flight
Wands
 f - a wand of random effects (30/48)
 n - a wand of random effects (21/48)
Potions
 h - 3 potions of agility
 k - 3 potions of might
Books
 c - a book of Changes

   Spells                             Type                      Level
   a - Beastly Appendage              Transmutation                1
   b - Sticks to Snakes               Transmutation                2
   c - Spider Form                    Transmutation/Poison         3
   d - Ice Form                       Ice/Transmutation            4
   e - Blade Hands                    Transmutation                5
Comestibles
 d - 3 bread rations
 g - 2 royal jellies
 o - 4 fruits
 p - a meat ration


   Skills:
 + Level 3.1 Fighting
 - Level 2.6 Dodging
 - Level 3.2 Unarmed Combat
 + Level 3.1 Spellcasting
 * Level 5.2 Transmutations
 + Level 2.0 Poison Magic


You had 4 spell levels left.
You knew the following spells:

 Your Spells              Type           Power        Failure   Level  Hunger
a - Beastly Appendage     Tmut           ###...       2%          1    #......
b - Sticks to Snakes      Tmut           ###.....     3%          2    ##.....
c - Spider Form           Tmut/Pois      ##........   14%         3    ###....


Dungeon Overview and Level Annotations

Branches:
Dungeon (4/15)
 Temple: D:4-7

Altars:
Gozag
Qazlal

Annotations:
D:3 Grinder


Innate Abilities, Weirdness & Mutations

You revert to your normal form in water.
You are very nimble and swift while swimming.
You are very stealthy in the water. (Stealth+)
You have a pair of horns on your head.
You are partially covered in large bone plates. (SH +4)
Your mind is acute. (Int +2)


Message History

Unknown command.
You feel extremely strange.
You feel stupid.
Large bone plates grow over parts of your arms.
You feel clever.
* * * LOW HITPOINT WARNING * * *
You feel sick.
Unknown command.
Okay, then.
This spell is very dangerous to cast!
Memorise Ice Form, consuming 4 spell levels and leaving 0?
Your memorisation is interrupted.
* * * LOW HITPOINT WARNING * * *
You feel sick.
Evoke which item? (* to show all) (? for menu, Esc to quit)
Aiming: Random Effects
Press: ? - help, Shift-Dir - straight line, f - you That beam is likely to hit you.
Continue anyway?
The puff of frost hits you!
You die...

............#
#.................#
..#..........##.###.#
..#..........##.# #.#
.............##.# #.#
.............##.# #.#
...........##.# #.#
######........##.#
#.#
.........#######@#
#.#
...............S<#
#.#
.................#
......##........##
......##........#
....####........#
....# #........#
#...# #.......##
#...# #.#####.#


You could see a friendly ball python.

Vanquished Creatures
  Menkaure (D:4)
  Robin (D:3)
  An adder (D:3)
  A worm (D:1)
  2 dart slugs
  3 orcs (D:2)
  A giant cockroach (D:3)
  12 goblins
  13 hobgoblins
  3 jackals (D:1)
  2 quokkas
  A ball python (D:2)
  7 bats
  6 frilled lizards
  8 kobolds
  14 rats
76 creatures vanquished.

Vanquished Creatures (collateral kills)
  Ijyb (D:3)
  A gnoll (D:4)
2 creatures vanquished.

Vanquished Creatures (others)
  A goblin (D:3)
1 creature vanquished.

Grand Total: 79 creatures vanquished

Notes
Turn   | Place    | Note
-------+----------+-------------------------------------------
     0 | D:1      | Jynx the Merfolk Transmuter began the quest for the Orb.
     0 | D:1      | Reached XP level 1. HP: 15/15 MP: 3/3
   269 | D:1      | Reached skill level 3 in Transmutations
   269 | D:1      | Reached XP level 2. HP: 18/21 MP: 3/5
   699 | D:1      | Reached XP level 3. HP: 21/27 MP: 4/6
   757 | D:1      | Learned a level 2 spell: Sticks to Snakes
   769 | D:1      | Learned a level 3 spell: Spider Form
  1004 | D:2      | Found an opulent altar of Gozag.
  1848 | D:3      | Noticed Ijyb
  2073 | D:2      | Reached skill level 4 in Transmutations
  2255 | D:3      | Killed Ijyb
  2255 | D:3      | Reached XP level 4. HP: 26/34 MP: 2/7
  2335 | D:3      | Reached skill level 1 in Poison Magic
  2553 | D:3      | Noticed Grinder
  2556 | D:3      | Noticed Robin
  2636 | D:3      | Killed Robin
  2901 | D:3      | Reached XP level 5. HP: 36/39 MP: 7/9
  3425 | D:3      | Found a stormy altar of Qazlal.
  3516 | D:4      | Noticed Menkaure
  3548 | D:4      | Killed Menkaure
  3548 | D:4      | Reached skill level 5 in Transmutations
  3868 | D:4      | Gained mutation: You are dopey. (Int -2) [potion of mutation]
  3868 | D:4      | Lost mutation: You are dopey. (Int -2) [potion of mutation]
  3868 | D:4      | Gained mutation: Your mind is acute. (Int +2) [potion of mutation]
  3869 | D:4      | Lost mutation: Your mind is acute. (Int +2) [potion of mutation]
  3869 | D:4      | Gained mutation: You are partially covered in large bone plates. (SH +4) [potion of mutation]
  3869 | D:4      | Gained mutation: Your mind is acute. (Int +2) [potion of mutation]
  3871 | D:4      | Shot themself with a puff of frost

Skill      XL: |  1  2  3  4  5 |
---------------+----------------+-----
Transmutations | 3 4 5 |  5.2
Fighting       | 2 3 |  3.1
Poison Magic   | 1 2 |  2.0
Spellcasting   | 3 |  3.1
Dodging        | |  2.6
Unarmed Combat | |  3.2

Action                   |  1- 3 |  4- 6 || total
-------------------------+-------+-------++-------
Melee: Unarmed           |   159 |    75 ||   234
       Headbutt          |    19 |    17 ||    36
       Punch             |     5 |       ||     5
 Cast: Beastly Appendage |    29 |    19 ||    48
       Sticks to Snakes  |     3 |     7 ||    10
  Use: Scroll            |     9 |     1 ||    10
       Potion            |       |     5 ||     5
 Stab: Sleeping          |     1 |     1 ||     2
  Eat: Chunk             |     5 |     6 ||    11
Armor: Robe              |    28 |    16 ||    44
Dodge: Dodged            |   113 |    54 ||   167
